| TOP OF THE 1ST |
|
Atlanta Braves batting - Pitching for New York Mets : RHP Matt McAtee
|
|
Pitching: RHP Matt McAtee
|
|
|
Batting: RHB Liangde Li
|
0-0: Called Strike 0-1: Foul Ball, location: 2F 0-2: Ball 1-2: Ball 2-2: Strikes out looking
|
|
Batting: RHB Ray Llewellyn
|
0-0: Called Strike 0-1: Ball 1-1: Called Strike 1-2: Strikes out swinging
|
|
Batting: RHB Danny Miramontes
|
0-0: SOLO HOME RUN (Flyball, 7D, EV 98.8 MPH), Distance : 364 ft
|
|
Batting: RHB Jim Zucco
|
0-0: Ball 1-0: Ball 2-0: Ground out 5-3 (Groundball, 15, EV 83.8 MPH)
|
| Top of the 1st over - 1 run, 1 hit, 0 errors, 0 left on base; Atlanta 1 - New York 0 |
| BOTTOM OF THE 1ST |
|
New York Mets batting - Pitching for Atlanta Braves : LHP Joe Testa
|
|
Pitching: LHP Joe Testa
|
|
|
Batting: SHB Sean Cook
|
0-0: Ball 1-0: Foul Ball, location: 2F 1-1: Fly out, F8 (Flyball, 8LM, EV 88.1 MPH)
|
|
Batting: SHB Nelle van den Berg
|
0-0: Called Strike 0-1: Ball 1-1: Foul Ball, location: 2F 1-2: Ball 2-2: Ball 3-2: Ground out 4-3 (Groundball, 4, EV 82.5 MPH)
|
|
Batting: SHB Scott Scott
|
0-0: Ball 1-0: Ball 2-0: Foul Ball, location: 2F 2-1: Ball 3-1: Foul Ball, location: 2F 3-2: SINGLE (Groundball, 6D, EV 106.9 MPH)
|
|
Batting: SHB Javy Rosa
|
0-0: Called Strike 0-1: Foul Ball, location: 2F 0-2: Ground out 5-3 (Groundball, 56S, EV 63.1 MPH)
|
| Bottom of the 1st over - 0 runs, 1 hit, 0 errors, 1 left on base; Atlanta 1 - New York 0 |
| TOP OF THE 2ND |
|
Atlanta Braves batting - Pitching for New York Mets : RHP Matt McAtee
|
|
Batting: RHB Butch Kaiser
|
0-0: Called Strike 0-1: Ball 1-1: Foul Ball, location: 2F 1-2: Foul Ball, location: 2F 1-2: Fly out, F8 (Flyball, 8RD, EV 93.8 MPH)
|
|
Batting: LHB Colin Worthington
|
0-0: Foul Ball, location: 2F 0-1: Fly out, F8 (Flyball, 78M, EV 92.5 MPH)
|
|
Batting: LHB Yasahiko Teshima
|
0-0: SINGLE (Groundball, 4D, EV 102.5 MPH)
|
|
Batting: LHB Curt Nelson
|
0-0: Called Strike 0-1: Swinging Strike 0-2: Strikes out looking
|
| Top of the 2nd over - 0 runs, 1 hit, 0 errors, 1 left on base; Atlanta 1 - New York 0 |
| BOTTOM OF THE 2ND |
|
New York Mets batting - Pitching for Atlanta Braves : LHP Joe Testa
|
|
Batting: SHB Jonathan Jenkins
|
0-0: Fly out, F8 (Flyball, 89M, EV 95.6 MPH)
|
|
Batting: RHB Jeff Jank
|
0-0: Called Strike 0-1: Ball 1-1: SINGLE (Groundball, 34D, EV 105.6 MPH)
|
|
Batting: SHB Harry Hoop
|
0-0: Called Strike 0-1: Called Strike 0-2: Ball 1-2: Grounds into double play, 5-4-3 (Groundball, 56, EV 79.4 MPH)
|
| Bottom of the 2nd over - 0 runs, 1 hit, 0 errors, 0 left on base; Atlanta 1 - New York 0 |
| TOP OF THE 3RD |
|
Atlanta Braves batting - Pitching for New York Mets : RHP Matt McAtee
|
|
Batting: RHB Liu-liang Lei
|
0-0: Ball 1-0: Ball 2-0: Called Strike 2-1: Ball 3-1: Swinging Strike 3-2: Base on Balls
|
|
Batting: RHB Liangde Li
|
0-0: Called Strike 0-1: Foul Ball, location: 2F 0-2: Ball 1-2: Grounds into double play, 4-6-3 (Groundball, 4S, EV 94.4 MPH)
|
|
Batting: RHB Ray Llewellyn
|
0-0: Called Strike 0-1: Ground out 5-3 (Groundball, 25, EV 86.2 MPH)
|
| Top of the 3rd over - 0 runs, 0 hits, 0 errors, 0 left on base; Atlanta 1 - New York 0 |
| BOTTOM OF THE 3RD |
|
New York Mets batting - Pitching for Atlanta Braves : LHP Joe Testa
|
|
Batting: RHB Melchor Sovrivilla
|
0-0: Fly out, F9 (Flyball, 89S, EV 82.5 MPH)
|
|
Batting: LHB Timo Gomez
|
0-0: Called Strike 0-1: SINGLE (Line Drive, 6MD, EV 105.0 MPH)
|
|
Batting: SHB Sean Cook
|
0-0: Foul Ball, location: 2F 0-1: Called Strike 0-2: Ball 1-2: Foul Ball, location: 2F 1-2: Grounds into double play, 5-4-3 (Groundball, 56, EV 108.1 MPH)
|
| Bottom of the 3rd over - 0 runs, 1 hit, 0 errors, 0 left on base; Atlanta 1 - New York 0 |
| TOP OF THE 4TH |
|
Atlanta Braves batting - Pitching for New York Mets : RHP Matt McAtee
|
|
Batting: RHB Danny Miramontes
|
0-0: Ball 1-0: Ball 2-0: Ball 3-0: Base on Balls
|
|
Batting: RHB Jim Zucco
|
0-0: Ball 1-0: Ball 2-0: Fly out, F7 (Flyball, 78XD, EV 87.5 MPH)
|
|
Batting: RHB Butch Kaiser
|
0-0: Called Strike 0-1: Called Strike 0-2: Ball 1-2: Ball 2-2: Grounds into double play, 5-4-3 (Groundball, 56S, EV 93.1 MPH)
|
| Top of the 4th over - 0 runs, 0 hits, 0 errors, 0 left on base; Atlanta 1 - New York 0 |
| BOTTOM OF THE 4TH |
|
New York Mets batting - Pitching for Atlanta Braves : LHP Joe Testa
|
|
Batting: SHB Nelle van den Berg
|
0-0: Ball 1-0: SINGLE (Groundball, 56D, EV 94.4 MPH)
|
|
Batting: SHB Scott Scott
|
0-0: Hit by Pitch Nelle van den Berg to second
|
|
Batting: SHB Javy Rosa
|
0-0: Called Strike 0-1: Ball 1-1: Ball 2-1: Grounds into double play, 6-4-3 (Groundball, 6, EV 87.5 MPH) Nelle van den Berg to third
|
|
Batting: SHB Jonathan Jenkins
|
0-0: 2-RUN HOME RUN (Line Drive, 9LD, EV 93.8 MPH), Distance : 351 ft
|
|
Batting: RHB Jeff Jank
|
0-0: Swinging Strike 0-1: Swinging Strike 0-2: Ground out 6-3 (Groundball, 6, EV 85.6 MPH)
|
| Bottom of the 4th over - 2 runs, 2 hits, 0 errors, 0 left on base; Atlanta 1 - New York 2 |
| TOP OF THE 5TH |
|
Atlanta Braves batting - Pitching for New York Mets : RHP Matt McAtee
|
|
Batting: LHB Colin Worthington
|
0-0: Called Strike 0-1: Ball 1-1: Ball 2-1: Ground out 6-3 (Groundball, P, EV 86.2 MPH)
|
|
Batting: LHB Yasahiko Teshima
|
0-0: Foul Ball, location: 2F 0-1: Called Strike 0-2: Strikes out swinging
|
|
Batting: LHB Curt Nelson
|
0-0: Ball 1-0: Foul Ball, location: 2F 1-1: Called Strike 1-2: Ball 2-2: Ball 3-2: Foul Ball, location: 2F 3-2: Strikes out swinging
|
| Top of the 5th over - 0 runs, 0 hits, 0 errors, 0 left on base; Atlanta 1 - New York 2 |
| BOTTOM OF THE 5TH |
|
New York Mets batting - Pitching for Atlanta Braves : LHP Joe Testa
|
|
Batting: SHB Harry Hoop
|
0-0: Ball 1-0: Called Strike 1-1: Called Strike 1-2: Strikes out swinging
|
|
Batting: RHB Melchor Sovrivilla
|
0-0: Swinging Strike 0-1: Ball 1-1: Ball 2-1: Ball 3-1: Called Strike 3-2: Foul Ball, location: 2F 3-2: Foul Ball, location: 2F 3-2: Fly out, F3 (Popup, 3, EV 60.6 MPH)
|
|
Batting: LHB Timo Gomez
|
0-0: Ball 1-0: Foul Ball, location: 2F 1-1: Foul Ball, location: 2F 1-2: Fly out, F9 (Flyball, 9S, EV 91.9 MPH)
|
| Bottom of the 5th over - 0 runs, 0 hits, 0 errors, 0 left on base; Atlanta 1 - New York 2 |
| TOP OF THE 6TH |
|
Atlanta Braves batting - Pitching for New York Mets : RHP Matt McAtee
|
|
Batting: RHB Liu-liang Lei
|
0-0: Ball 1-0: Called Strike 1-1: Called Strike 1-2: Ball 2-2: SOLO HOME RUN (Flyball, 78XD, EV 105.6 MPH), Distance : 439 ft
|
|
Batting: RHB Liangde Li
|
0-0: Foul Ball, location: 2F 0-1: Called Strike 0-2: Ball 1-2: Ball 2-2: Foul Ball, location: 2F 2-2: Foul Ball, location: 2F 2-2: Ball 3-2: Base on Balls
|
|
Batting: RHB Ray Llewellyn
|
0-0: Ball 1-0: Called Strike Liangde Li steals 2nd base 1-1: Foul Ball, location: 2F 1-2: Foul Ball, location: 2F 1-2: Foul Ball, location: 2F 1-2: SINGLE (Groundball, 56D, EV 106.9 MPH) Liangde Li to third
|
|
Pitching: RHP David Matheney
|
|
|
Batting: RHB Danny Miramontes
|
0-0: Swinging Strike 0-1: Fly out, F8 (Flyball, 8RD, EV 88.8 MPH) Runner from 3rd tags up, SCORES, throw by CF
|
|
Batting: RHB Jim Zucco
|
0-0: Ball 1-0: Ball 2-0: Foul Ball, location: 2F 2-1: Ball 3-1: Fly out, F7 (Flyball, 7S, EV 78.1 MPH)
|
|
Batting: RHB Butch Kaiser
|
0-0: Ball 1-0: Ball 2-0: Called Strike 2-1: Ball 3-1: Foul Ball, location: 2F 3-2: Strikes out swinging
|
| Top of the 6th over - 2 runs, 2 hits, 0 errors, 1 left on base; Atlanta 3 - New York 2 |
| BOTTOM OF THE 6TH |
|
New York Mets batting - Pitching for Atlanta Braves : LHP Joe Testa
|
|
Batting: SHB Sean Cook
|
0-0: Swinging Strike 0-1: Fly out, F8 (Flyball, 78M, EV 91.9 MPH)
|
|
Batting: SHB Nelle van den Berg
|
0-0: Swinging Strike 0-1: SOLO HOME RUN (Flyball, 78XD, EV 106.2 MPH), Distance : 425 ft
|
|
Batting: SHB Scott Scott
|
0-0: Called Strike 0-1: Ball 1-1: Called Strike 1-2: Ball 2-2: Strikes out swinging
|
|
Batting: SHB Javy Rosa
|
0-0: Ball 1-0: Foul Ball, location: 2F 1-1: Ball 2-1: Ball 3-1: Called Strike 3-2: Fly out, F8 (Line Drive, 8RD, EV 91.9 MPH)
|
| Bottom of the 6th over - 1 run, 1 hit, 0 errors, 0 left on base; Atlanta 3 - New York 3 |
| TOP OF THE 7TH |
|
Atlanta Braves batting - Pitching for New York Mets : RHP David Matheney
|
|
Batting: LHB Colin Worthington
|
0-0: Called Strike 0-1: Ball 1-1: Fly out, F4 (Popup, 3S, EV 73.8 MPH)
|
|
Batting: LHB Yasahiko Teshima
|
0-0: SINGLE (Groundball, 4D, EV 106.9 MPH)
|
|
Batting: LHB Curt Nelson
|
0-0: Foul Ball, location: 2F 0-1: Ball 1-1: Ball Yasahiko Teshima steals 2nd base 2-1: Intentional Walk
|
|
Batting: RHB Liu-liang Lei
|
0-0: Ball Wild Pitch! Yasahiko Teshima to third Curt Nelson to second 1-0: Ball 2-0: Ball 3-0: Base on Balls
|
|
Pinch Hitting: LHB Tom Best
|
0-0: Ball 1-0: Foul Ball, location: 2F 1-1: Grounds into double play, 4-2-3 (Groundball, 34, EV 82.5 MPH)
|
| Top of the 7th over - 0 runs, 1 hit, 0 errors, 2 left on base; Atlanta 3 - New York 3 |
| BOTTOM OF THE 7TH |
|
New York Mets batting - Pitching for Atlanta Braves : LHP Joe Testa
|
|
Now in CF: Curt Nelson
|
|
|
Now in RF: Tom Best
|
|
|
Batting: SHB Jonathan Jenkins
|
0-0: Swinging Strike 0-1: Ball 1-1: Ground out 4-3 (Groundball, 4, EV 107.5 MPH)
|
|
Batting: RHB Jeff Jank
|
0-0: SOLO HOME RUN (Flyball, 7LD, EV 98.8 MPH), Distance : 380 ft
|
|
Batting: SHB Harry Hoop
|
0-0: Called Strike 0-1: Ball 1-1: Ball 2-1: Ball 3-1: Fly out, F8 (Flyball, 8RD, EV 101.2 MPH)
|
|
Batting: RHB Melchor Sovrivilla
|
0-0: Ball 1-0: Ball 2-0: Foul Ball, location: 2F 2-1: Called Strike 2-2: SINGLE (Flyball, 4D, EV 97.5 MPH)
|
|
Batting: LHB Timo Gomez
|
0-0: Called Strike 0-1: SINGLE (Groundball, 34D, EV 102.5 MPH) (infield hit) Melchor Sovrivilla to second
|
|
Batting: SHB Sean Cook
|
0-0: Called Strike 0-1: Ball 1-1: Called Strike 1-2: Ball 2-2: Foul Ball, location: 2F 2-2: Ball 3-2: SINGLE (Groundball, 4MD, EV 96.2 MPH) Melchor Sovrivilla to third Timo Gomez to second Melchor Sovrivilla scores Timo Gomez to third
|
|
Pitching: LHP Skylar Adams
|
|
|
Batting: SHB Nelle van den Berg
|
0-0: Called Strike 0-1: Ball 1-1: Called Strike 1-2: Ball 2-2: Fielders Choice at 2nd, 6-4 (Groundball, 6, EV 85.6 MPH)
|
| Bottom of the 7th over - 2 runs, 4 hits, 0 errors, 2 left on base; Atlanta 3 - New York 5 |
| TOP OF THE 8TH |
|
Atlanta Braves batting - Pitching for New York Mets : RHP David Matheney
|
|
Pitching: LHP Sam Schrecengost
|
|
|
Batting: RHB Ray Llewellyn
|
0-0: Ball 1-0: Ball 2-0: Swinging Strike 2-1: Foul Ball, location: 2F 2-2: Strikes out swinging
|
|
Batting: RHB Danny Miramontes
|
0-0: Ball 1-0: Ball 2-0: Called Strike 2-1: Ball 3-1: Called Strike 3-2: Fly out, F8 (Flyball, 8LM, EV 90.0 MPH)
|
|
Batting: RHB Jim Zucco
|
0-0: Swinging Strike 0-1: Swinging Strike 0-2: Reached on error, E4 (Groundball, 4, EV 83.1 MPH)
|
|
Batting: RHB Butch Kaiser
|
0-0: Ball 1-0: Ground out 4-3 (Groundball, 34, EV 94.4 MPH)
|
| Top of the 8th over - 0 runs, 0 hits, 1 error, 1 left on base; Atlanta 3 - New York 5 |
| BOTTOM OF THE 8TH |
|
New York Mets batting - Pitching for Atlanta Braves : LHP Skylar Adams
|
|
Batting: SHB Scott Scott
|
0-0: Foul Ball, location: 2F 0-1: Ball 1-1: Ball 2-1: SINGLE (Groundball, 6S, EV 71.9 MPH) (infield hit)
|
|
Batting: SHB Javy Rosa
|
0-0: Ball Wild Pitch! Scott Scott to second 1-0: Called Strike 1-1: Ball 2-1: Ground out 6-3 (Groundball, 6, EV 101.2 MPH)
|
|
Batting: SHB Jonathan Jenkins
|
0-0: Called Strike 0-1: Ball 1-1: Called Strike 1-2: Ball 2-2: Strikes out swinging
|
|
Batting: RHB Jeff Jank
|
0-0: Ball 1-0: Called Strike 1-1: Ball 2-1: Ball 3-1: Base on Balls
|
|
Batting: SHB Harry Hoop
|
0-0: Ball 1-0: Called Strike 1-1: Foul Ball, location: 2F 1-2: Strikes out swinging
|
| Bottom of the 8th over - 0 runs, 1 hit, 0 errors, 2 left on base; Atlanta 3 - New York 5 |
| TOP OF THE 9TH |
|
Atlanta Braves batting - Pitching for New York Mets : LHP Sam Schrecengost
|
|
Pitching: LHP Kyae-sung Che
|
|
|
Now at C: Scott Bartholomew
|
|
|
Now in CF: Lewis Thorpe Jr.
|
|
|
Now in RF: Timo Gomez
|
|
|
Batting: LHB Colin Worthington
|
0-0: Called Strike 0-1: Ball 1-1: Ball 2-1: Foul Ball, location: 2F 2-2: Ground out 4-3 (Groundball, 4, EV 85.6 MPH)
|
|
Batting: LHB Yasahiko Teshima
|
0-0: Ball 1-0: Foul Ball, location: 2F 1-1: Foul Ball, location: 2F 1-2: Ball 2-2: Ball 3-2: Base on Balls
|
|
Batting: LHB Curt Nelson
|
0-0: Ball 1-0: Called Strike 1-1: Ball 2-1: Foul Ball, location: 2F 2-2: Grounds into double play, 4-6-3 (Groundball, 4, EV 103.8 MPH)
|
| Top of the 9th over - 0 runs, 0 hits, 0 errors, 0 left on base; Atlanta 3 - New York 5 |
|